AoeStats
← fallenjbird

Lombardia

509269098Analyzed
4v4 RM · 7d ago on Sep 26, 2026· 44m 18s· 8 players
Game mode
Random Map
Map size
Large (8 player)
Population
200
Speed
Normal
Resources
Standard
Victory
Conquest
Starting age
Dark Age
Ending age
Imperial Age
RankedLock teamsTeams togetherTeam positionsShared explorationLock speedFull tech treeHidden civsTurbo modeCheats
Victory
Defeat
🇨🇱 Poles · Chile
1032
+15
🇦🇺 Maya · Australia
967
+18
🇦🇷 Magyars · Argentina
965
+18
🇦🇷 Mongols · Argentina
946
+19
🇺🇸 Turks · United States
1052
-19
🇺🇸 Hindustanis · United States
1008
-17
🇨🇴 Celts · Colombia
1001
-44
🇫🇷 Franks · France
994
-17
bodkinboi
8:58 Loom
11:36 Feudal Age
13:47 Bloodlines
14:16 Scale Barding Armor
19:39 Forging
21:27 Horse Collar
25:39 Castle Age
23:32 Double-Bit Axe
27:38 Bow Saw
29:41 Husbandry
30:38 Chain Barding Armor
40:15 Fletching
PoacherCrooks
0:36 Loom
11:56 Feudal Age
19:04 Castle Age
20:22 Double-Bit Axe
20:31 Stone Mining
20:35 Gold Mining
25:51 Wheelbarrow
25:05 Town Watch
29:42 Bow Saw
30:16 Scale Barding Armor
30:21 Forging
30:37 Hand Cart
37:25 Imperial Age
36:54 Chain Barding Armor
36:35 Scale Mail Armor
37:10 Iron Casting
36:38 Husbandry
37:38 Treadmill Crane
38:10 Masonry
38:21 Ballistics
38:12 Fortified Wall
40:08 Plate Barding Armor
39:19 Cavalier
40:35 Conscription
40:53 Chivalry
fallenjbird
10:24 Feudal Age
11:10 Horse Collar
11:59 Loom
19:13 Town Watch
22:07 Castle Age
21:11 Stone Mining
22:45 Gold Mining
25:13 Wheelbarrow
25:20 Coinage
24:40 Double-Bit Axe
27:37 Pikeman
29:44 Husbandry
30:48 Bloodlines
30:43 Scale Mail Armor
32:00 Forging
32:44 Chain Mail Armor
35:31 Iron Casting
35:47 Hand Cart
41:18 Fletching
E神
3:43 Loom
9:47 Feudal Age
12:18 Wheelbarrow
11:55 Horse Collar
13:28 Forging
13:30 Double-Bit Axe
16:20 Town Watch
22:18 Castle Age
21:53 Stone Mining
21:54 Gold Mining
24:09 Pikeman
25:28 Iron Casting
24:54 Scale Mail Armor
29:03 Hand Cart
28:50 Heavy Plow
31:03 Gambesons
31:03 Arson
32:50 Murder Holes
33:18 Ballistics
36:55 Imperial Age
35:53 Stronghold
36:27 Fortified Wall
37:07 Bow Saw
37:07 Heavy Scorpion
40:01 Halberdier
41:37 Conscription
44:43 Blast Furnace
43:59 Chain Mail Armor
Pantsus
10:48 Feudal Age
9:05 Loom
11:45 Horse Collar
11:58 Double-Bit Axe
16:36 Bloodlines
21:28 Castle Age
19:38 Scale Barding Armor
23:33 Chain Barding Armor
23:24 Forging
23:52 Wheelbarrow
23:37 Gold Mining
23:37 Stone Mining
24:35 Bow Saw
24:27 Heavy Plow
25:49 Husbandry
32:47 Iron Casting
32:25 Szlachta Privileges
37:18 Imperial Age
38:24 Cavalier
39:18 Fletching
40:31 Blast Furnace
Aquillo
8:15 Loom
11:00 Feudal Age
20:41 Castle Age
19:30 Double-Bit Axe
19:37 Stone Mining
22:51 Bow Saw
23:19 Horse Collar
24:36 Heavy Plow
27:29 Town Watch
29:48 Wheelbarrow
32:50 Imperial Age
30:47 Murder Holes
32:00 Hand Cart
32:15 Fletching
32:26 Padded Archer Armor
32:08 Eagle Warrior
32:49 Squires
33:35 Bodkin Arrow
33:07 Pikeman
34:07 Leather Archer Armor
34:33 Thumb Ring
35:05 Town Patrol
36:12 Bracer
37:26 Fortified Wall
37:37 Ballistics
39:08 Chemistry
39:19 Ring Archer Armor
40:04 Fervor
41:20 Crop Rotation
41:52 Two-Man Saw
41:59 Scale Mail Armor
42:56 Conscription
42:45 Caravan
42:52 Elite Plumed Archer
43:34 Treadmill Crane
M4R1MB4
5:19 Loom
9:56 Feudal Age
11:19 Wheelbarrow
10:48 Double-Bit Axe
10:45 Horse Collar
13:34 Bloodlines
16:30 Scale Barding Armor
21:24 Castle Age
22:55 Husbandry
24:12 Chain Barding Armor
27:38 Town Watch
32:08 Hand Cart
34:37 Imperial Age
32:32 Gold Mining
34:28 Ballistics
35:01 Town Patrol
35:18 Bow Saw
37:43 Corvinian Army
39:20 Hand Cart
45:41 Two-Man Saw
44:45 Heavy Plow
Moixtezuma
12:51 Feudal Age
16:22 Castle Age
14:15 Loom
17:09 Castle Age
30:54 Double-Bit Axe
34:55 Bow Saw
36:26 Wheelbarrow
37:35 Fletching
44:30 Imperial Age
44:04 Ballistics
43:43 Bodkin Arrow
43:48 Padded Archer Armor
Connection lost

Rejoining the realm…

Still unreachable

The connection could not be restored.

Session expired

The server has moved on; the page needs a fresh start.